 Dungeon Crawl Stone Soup version 0.18.1-48-g4cf74bf (webtiles) character file.

72 Gargoyl the Skirmisher (level 4, -8/37 HPs)
             Began as a Demonspawn Abyssal Knight on June 27, 2016.
             Was a Believer of Lugonu.
             Mangled by an ogre
             ... wielding a +0 giant club
              (26 damage)
             ... on level 3 of the Dungeon.
             The game lasted 00:02:57 (1565 turns).

Gargoyl the Skirmisher (Demonspawn Abyssal Knight)  Turns: 1565, Time: 00:02:58

Health: -8/37      AC: 11    Str: 13    XL:     4   Next: 7%
Magic:  6/6        EV:  5    Int: 13    God:    Lugonu [**....]
Gold:   139        SH:  3    Dex: 13    Spells: 0 memorised, 3 levels left

rFire  . . .     SeeInvis .     a - +1 hand axe
rCold  . . .     Gourm    .     q - +3 chain mail
rNeg   . . .     Faith    .     d - +0 buckler
rPois  +         Spirit   .     (no helmet)
rElec  .         Dismiss  .     (no cloak)
rCorr  .         Reflect  .     (no gloves)
SustAt .         Harm     .     (no boots)
MR     .....                    o - amulet of regeneration
Stlth  ..........               (no ring)
                                b - ring of poison resistance

@: not resistant to hostile enchantments, extremely unstealthy
A: claws 1, powered by death 1
a: Depart the Abyss, Bend Space, Renounce Religion


You were on level 3 of the Dungeon.
You worshipped Lugonu.
Lugonu was pleased with you.
You were not hungry.

You visited 1 branch of the dungeon, and saw 3 of its levels.
You visited the Abyss 1 time.

You collected 139 gold pieces.

Inventory:

Hand Weapons
 a - a +1 hand axe (weapon)
Armour
 d - a +0 buckler (worn)
 q - a +3 chain mail (worn)
Jewellery
 b - a ring of poison resistance (left claw)
 o - an amulet of regeneration (around neck)
Scrolls
 f - a scroll of magic mapping {unknown}
 k - a scroll of identify
 p - a scroll of blinking {unknown}
Potions
 e - a potion of flight {unknown}
 g - 3 potions of curing {unknown}
 h - a potion of resistance {unknown}
 i - 2 potions of brilliance {unknown}
 j - a potion of agility {unknown}
Comestibles
 c - a bread ration
 l - a meat ration
 n - a beef jerky


   Skills:
 + Level 3.8 Fighting
 + Level 2.1 Axes
 * Level 2.5 Armour
 + Level 1.1 Dodging
 + Level 0.4 Stealth
 + Level 0.3 Shields
 + Level 2.8 Invocations


You had 3 spell levels left.
You didn't know any spells.

Dungeon Overview and Level Annotations

Branches:
Dungeon (3/15)

Altars:
Nemelex Xobeh


Innate Abilities, Weirdness & Mutations

You have sharp fingernails.
You regenerate a little health from kills.


Message History

The ogre barely misses you. The giant gecko barely misses you.
You closely miss the giant gecko.
The giant gecko is heavily wounded.
You hit the ogre.
The ogre is lightly wounded.
The giant gecko bites you but does no damage.
The ogre hits you with a giant club!
You hit the giant gecko but do no damage.
The giant gecko is heavily wounded.
Your shield and chain mail prevent you from hitting the ogre.
The ogre is lightly wounded.
The giant gecko bites you. You block the ogre's attack.
The giant gecko bites you.
You hit the giant gecko but do no damage.
The giant gecko is heavily wounded.
You hit the ogre.
The ogre is moderately wounded.
The giant gecko barely misses you. The ogre hits you with a giant club!!
Ouch! That really hurt!
You die...

... ... #.#
..# #.#
#.####%#
#....Ol#
######@####
#.........#
#.#.##..#.#
#.##..#.#
#.....#.#
#..##.#.#
#.#.......#
#.....[.####.#
####...<.....#


You could see an ogre and a giant gecko.

Vanquished Creatures
  3 adders (D:2)
  2 giant geckos (D:2)
  An orc (D:3)
  3 bats
  3 giant cockroaches
  11 goblins
  4 hobgoblins
  2 jackals (D:2)
  A kobold (D:1)
  2 ball pythons
  2 giant newts (D:2)
  4 rats
38 creatures vanquished.

Notes
Turn   | Place    | Note
--------------------------------------------------------------
     0 | Abyss:1  | Gargoyl the Demonspawn Abyssal Knight began the quest for the Orb.
     0 | Abyss:1  | Reached XP level 1. HP: 18/18 MP: 2/2
    26 | Abyss:2  | Noticed a spatial vortex
    34 | Abyss:2  | Noticed a spatial vortex
    34 | Abyss:2  | Noticed a spatial vortex
    35 | Abyss:2  | Noticed a spatial vortex
    36 | Abyss:2  | Noticed a spatial vortex
    36 | Abyss:2  | Noticed a spatial vortex
    36 | Abyss:2  | Noticed a spatial vortex
    37 | Abyss:2  | Noticed a spatial vortex
    54 | Abyss:2  | Noticed a spatial vortex
    62 | Abyss:2  | Noticed a kobold demonologist
    62 | Abyss:2  | Noticed a wretched star
    64 | Abyss:2  | Noticed a smoke demon
    65 | D:1      | Escaped the Abyss
   177 | D:1      | Reached * piety under Lugonu
   225 | D:1      | Found a sparkling altar of Nemelex Xobeh.
   268 | D:1      | Gained mutation: You have sharp fingernails. [demonic ancestry]
   268 | D:1      | Reached XP level 2. HP: 23/24 MP: 3/3
   367 | D:1      | Reached skill level 1 in Dodging
   989 | D:2      | Gained mutation: You regenerate a little health from kills. [demonic ancestry]
   989 | D:2      | Reached XP level 3. HP: 29/29 MP: 5/5
  1064 | D:2      | Reached ** piety under Lugonu
  1450 | D:2      | Reached XP level 4. HP: 31/37 MP: 6/6
  1558 | D:3      | Noticed an ogre
  1565 | D:3      | Mangled by an ogre

Skill      XL: |  1  2 |
---------------+-------+-----
Axes           | 2 |  2.1
Dodging        | 1 |  1.1
Armour         | 2 |  2.5
Fighting       | |  3.8
Stealth        | |  0.4
Shields        | |  0.3
Invocations    | |  2.8

Action                   |  1- 3 |  4- 6 || total
-------------------------+-------+-------++-------
Melee: Hand axe          |   104 |    14 ||   118
Invok: Depart the Abyss  |     1 |       ||     1
  Use: Scroll            |     2 |     1 ||     3
  Eat: Chunk             |     2 |       ||     2
Armor: Leather armour    |    18 |       ||    18
       Scale mail        |    30 |     6 ||    36
       Chain mail        |       |     6 ||     6
Dodge: Dodged            |    55 |     4 ||    59
Block: Buckler           |    13 |     2 ||    15
